 Dungeon Crawl Stone Soup version 0.21.1-1-g345015f (webtiles) character file.

52000 tidbits the Martial Artist (level 14, -5/108 HPs)
             Began as a Gnoll Transmuter on Mar 6, 2018.
             Was a High Priest of Cheibriados.
             Slain by the 24-headed Lernaean hydra (13 damage)
             ... on level 4 of the Swamp on Mar 7, 2018.
             The game lasted 01:26:42 (5640 turns).

tidbits the Martial Artist (Gnoll Transmuter)       Turns: 5640, Time: 01:26:42

Health: -5/108     AC: 23    Str: 34    XL:     14   Next: 62%
Magic:  34/37      EV: 22    Int: 37    God:    Cheibriados [*****.]
Gold:   511        SH:  0    Dex: 29    Spells: 9/33 levels left

rFire    + . .     SeeInvis .   a - +3 broad axe (flame)
rCold    . . .     Gourm    .   (no shield)
rNeg     . . .     Faith    +   B - +0 swamp dragon scales
rPois    +         Spirit   .   E - +2 hat {Int+3}
rElec    .         Reflect  .   C - +2 cloak {rF+}
rCorr    .         Harm     .   G - +1 pair of gloves
MR       +....                  F - +2 pair of boots
Stlth    ++++......             T - amulet of Dupe {Faith *Slow Str+2 Slay+3}
HPRegen  0.68/turn              j - ring of magical power
MPRegen  0.25/turn              (no ring)

@: mighty, very slow
A: distributed training, claws 1, fangs 1, thin metallic scales 1, clever 1,
regeneration 1, strong nose
a: Bend Time, Temporal Distortion, Slouch, Step From Time, Renounce Religion


You were on level 4 of the Swamp.
You worshipped Cheibriados.
Cheibriados was extremely pleased with you.
You were not hungry.

You visited 5 branches of the dungeon, and saw 22 of its levels.
You also visited: Sewer and Volcano.

You collected 1668 gold pieces.
You spent 1157 gold pieces at shops.

Inventory:

Hand Weapons
 a - a +3 broad axe of flaming (weapon)
   (You took it off a hell knight in a volcano)
 m - a +2 hand axe of distortion
   (You took it off an orc warrior on level 2 of the Orcish Mines)
 p - the +1 broad axe of Fury {chop, +Fly rPois Int+4}
   (You bought it in a shop on level 2 of the Orcish Mines)

   It inflicts extra damage upon your enemies.
   It affects your intelligence (+4).
   It protects you from poison.
   It lets you fly.
 y - a +4 shortbow of flaming
   (You took it off a salamander in a volcano)
 S - a +0 scimitar of electrocution
   (You took it off an orc warrior on level 2 of the Orcish Mines)
 W - a +1 broad axe of draining
   (You found it on level 2 of the Lair of Beasts)
 Z - a +0 dagger of venom
   (You took it off an orc wizard on level 10 of the Dungeon)
Missiles
 h - 5 tomahawks of returning (quivered)
 i - 133 stones
 n - 76 arrows
 z - 8 poisoned tomahawks
 L - 40 tomahawks
 V - a curare-tipped needle
Armour
 b - a +0 troll leather armour
 B - +0 swamp dragon scales (worn)
 C - a +2 cloak of fire resistance (worn)
   (You found it in a volcano)
 E - a +2 hat of intelligence (worn)
   (You found it on level 7 of the Dungeon)
 F - a +2 pair of boots (worn)
 G - a +1 pair of gloves (worn)
 K - a +1 robe of positive energy
   (You took it off an orc wizard on level 7 of the Dungeon)
 Q - the +2 leather armour of Pragmatism {+Blink rC++}
   (You found it on level 5 of the Dungeon)

   It greatly protects you from cold.
   It lets you blink.
 R - a cursed -1 robe
Magical Staves
 N - an uncursed staff of summoning
   (You found it on level 12 of the Dungeon)
Jewellery
 j - a ring of magical power (left hand)
   (You found it on level 5 of the Dungeon)
 I - an uncursed ring of see invisible
   (You found it on level 10 of the Dungeon)
 M - an uncursed amulet of faith
   (You found it on level 8 of the Dungeon)
 T - the amulet of Dupe (around neck) {Faith *Slow Str+2 Slay+3}
   (You found it on level 1 of the Lair of Beasts)

   [amulet of faith]

   It allows you to gain divine favour quickly.
   It affects your strength (+2).
   It affects your accuracy and damage with ranged weapons and melee attacks
   (+3).
   It may slow you when you take damage.
 X - an uncursed ring of fire
   (You found it on level 2 of the Lair of Beasts)
Wands
 q - a wand of flame (19)
 s - a wand of iceblast (5)
 v - a wand of polymorph (21)
 U - a wand of clouds (2)
Scrolls
 k - a scroll of random uselessness {unknown}
 r - 3 scrolls of remove curse
 t - 4 scrolls of teleportation
 w - a scroll of amnesia
 D - 3 scrolls of fear
 H - a scroll of vulnerability
 J - a scroll of silence
 P - a scroll of immolation
Potions
 e - a potion of cancellation
 f - 6 potions of lignification
 l - 3 potions of curing
 o - 2 potions of mutation {!q}
 x - 3 potions of brilliance
 A - 3 potions of flight
 O - 3 potions of might
 Y - a potion of resistance
Books
 d - a book of Changes

   Spells                             Type                      Level
   a - Beastly Appendage              Transmutation                1
   b - Sticks to Snakes               Transmutation                2
   c - Spider Form                    Transmutation/Poison         3
   d - Ice Form                       Ice/Transmutation            4
   e - Blade Hands                    Transmutation                5
 g - a book of Geomancy
   (You found it on level 10 of the Dungeon)

   Spells                             Type                      Level
   a - Sandblast                      Earth                        1
   b - Passwall                       Transmutation/Earth          2
   c - Stone Arrow                    Conjuration/Earth            3
   d - Petrify                        Transmutation/Earth          4
   e - Lee's Rapid Deconstruction     Earth                        5
Comestibles
 c - 18 rations


   Skills:
 + Level 9.6 Fighting
 + Level 9.2 Short Blades
 + Level 9.2 Long Blades
 + Level 9.2 Axes
 + Level 9.2 Maces & Flails
 + Level 9.2 Polearms
 + Level 9.2 Staves
 + Level 9.2 Slings
 + Level 9.2 Bows
 + Level 9.2 Crossbows
 + Level 9.2 Throwing
 + Level 9.2 Armour
 + Level 10.2 Dodging
 + Level 9.2 Stealth
 + Level 9.2 Shields
 + Level 11.1 Unarmed Combat
 + Level 10.4 Spellcasting
 + Level 7.7 Conjurations
 + Level 7.7 Hexes
 + Level 7.7 Charms
 + Level 7.7 Summonings
 + Level 7.7 Necromancy
 + Level 7.7 Translocations
 + Level 8.7 Transmutations
 + Level 7.7 Fire Magic
 + Level 7.7 Ice Magic
 + Level 7.7 Air Magic
 + Level 7.7 Earth Magic
 + Level 7.7 Poison Magic
 + Level 10.0 Invocations
 + Level 9.2 Evocations


You had 9 spell levels left.
You knew the following spells:

 Your Spells              Type           Power        Failure   Level  Hunger
a - Sandblast             Erth           ######       1%          1    None
e - Beastly Appendage     Tmut           ######       1%          1    None
h - Blade Hands           Tmut           ######....   1%          5    #......
k - Sticks to Snakes      Tmut           ######..     1%          2    None
p - Passwall              Tmut/Erth      ######....   1%          2    None
r - Regeneration          Chrm/Necr      ######....   1%          3    None
w - Spectral Weapon       Hex/Chrm       ######..     1%          3    None
y - Song of Slaying       Chrm           ######..     1%          2    None
D - Lee's Rapid Deconstr  Erth           ######....   3%          5    #......


Dungeon Overview and Level Annotations

Branches:
Dungeon (12/15)            Temple (1/1) D:4            Lair (3/6) D:10
  Swamp (4/4) Lair:3          Orc (2/2) D:12            Elf (0/3) Orc:2
  Snake: Lair:2-4    Spider: Lair:2-4

Altars:
Ashenzari
Cheibriados
Elyvilon
Makhleb
Nemelex Xobeh
Qazlal
Ru
Sif Muna
Wu Jian
Xom
Zin
The Shining One

Shops:
Orc:1 [   Orc:2 ([?:

Annotations:
Swamp:4 Lernaean hydra


Innate Abilities, Weirdness & Mutations

Your experience applies equally to all skills.
You have very sharp teeth.
Your uncanny sense of smell can sniff out nearby items.
You have sharp fingernails.
You are partially covered in thin metallic scales. (AC +2)
Your mind is acute. (Int +2)
Your natural rate of healing is unusually fast.


Message History

The 26-headed Lernaean hydra bites you. x2
Your water moccasin bites the 26-headed Lernaean hydra. x2
Your adder bites the 26-headed Lernaean hydra.
Unknown command.
You catch the helpless 26-headed Lernaean hydra completely off-guard!
You hack one of the 26-headed Lernaean hydra's heads off!
The flame cauterises the wound!
You slash the 25-headed Lernaean hydra! You burn the 25-headed Lernaean hydra.
You punch the 25-headed Lernaean hydra!!
You bite the 25-headed Lernaean hydra!!
The 25-headed Lernaean hydra is severely wounded.
Your spectral weapon hits the 25-headed Lernaean hydra!
Your spectral weapon lops one of the 25-headed Lernaean hydra's heads off!
The flame cauterises the wound!
Your spectral weapon burns the 24-headed Lernaean hydra.
Your water moccasin bites the 24-headed Lernaean hydra.
The 24-headed Lernaean hydra is poisoned.
Your water moccasin poisons the 24-headed Lernaean hydra!
Your water moccasin bites the 24-headed Lernaean hydra.
Your adder bites the 24-headed Lernaean hydra.
The 24-headed Lernaean hydra looks even sicker.
Your adder poisons the 24-headed Lernaean hydra!
Your adder bites the 24-headed Lernaean hydra.
The 24-headed Lernaean hydra barely misses your spectral weapon.
The 24-headed Lernaean hydra bites your spectral weapon but does no damage.
The 24-headed Lernaean hydra barely misses your spectral weapon.
The 24-headed Lernaean hydra closely misses your spectral weapon.
The 24-headed Lernaean hydra misses your spectral weapon.
The 24-headed Lernaean hydra bites your spectral weapon.
Your spectral weapon shares its damage with you!
The 24-headed Lernaean hydra completely misses your spectral weapon.
The 24-headed Lernaean hydra misses your spectral weapon.
The 24-headed Lernaean hydra bites your spectral weapon.
Your spectral weapon shares its damage with you!
The 24-headed Lernaean hydra bites your spectral weapon but does no damage.
The 24-headed Lernaean hydra barely misses your spectral weapon.
The 24-headed Lernaean hydra bites your spectral weapon!
Your spectral weapon shares its damage with you!
The 24-headed Lernaean hydra bites your spectral weapon!
Your spectral weapon shares its damage with you!
Your spectral weapon fades away.
The 24-headed Lernaean hydra bites your water moccasin.
The 24-headed Lernaean hydra bites your water moccasin!
The 24-headed Lernaean hydra completely misses your water moccasin.
The 24-headed Lernaean hydra bites your water moccasin.
The 24-headed Lernaean hydra bites your water moccasin!
Your water moccasin dies!
The 24-headed Lernaean hydra bites your water moccasin! x3
Your water moccasin dies!
The 24-headed Lernaean hydra bites you! The 24-headed Lernaean hydra bites you.
The 24-headed Lernaean hydra barely misses you.
Your adder bites the 24-headed Lernaean hydra.
Unknown command.
You barely miss the 24-headed Lernaean hydra.
The 24-headed Lernaean hydra is almost dead.
Your skin stops crawling.
Your adder bites the 24-headed Lernaean hydra.
The 24-headed Lernaean hydra barely misses you.
The 24-headed Lernaean hydra bites you. x2
The 24-headed Lernaean hydra completely misses you.
The 24-headed Lernaean hydra misses you.
The 24-headed Lernaean hydra completely misses you.
The 24-headed Lernaean hydra bites you!
* * * LOW HITPOINT WARNING * * *
The 24-headed Lernaean hydra misses you.
The 24-headed Lernaean hydra closely misses you.
The 24-headed Lernaean hydra bites you.
* * * LOW HITPOINT WARNING * * *
The 24-headed Lernaean hydra misses you.
The 24-headed Lernaean hydra bites you but does no damage.
The 24-headed Lernaean hydra completely misses you.
The 24-headed Lernaean hydra bites you!
* * * LOW HITPOINT WARNING * * *
The 24-headed Lernaean hydra bites you but does no damage. x3
The 24-headed Lernaean hydra bites you.
* * * LOW HITPOINT WARNING * * *
The 24-headed Lernaean hydra misses you.
The 24-headed Lernaean hydra bites you but does no damage. x2
The 24-headed Lernaean hydra bites you!
* * * LOW HITPOINT WARNING * * *
The 24-headed Lernaean hydra bites you but does no damage. x2
Your adder bites the 24-headed Lernaean hydra. x3
The 24-headed Lernaean hydra bites you but does no damage. x2
The 24-headed Lernaean hydra bites you.
* * * LOW HITPOINT WARNING * * *
The 24-headed Lernaean hydra closely misses you.
The 24-headed Lernaean hydra bites you but does no damage.
The 24-headed Lernaean hydra misses you.
The 24-headed Lernaean hydra completely misses you.
The 24-headed Lernaean hydra bites you!
* * * LOW HITPOINT WARNING * * *
The 24-headed Lernaean hydra bites you but does no damage. x2
The 24-headed Lernaean hydra closely misses you.
The 24-headed Lernaean hydra bites you but does no damage. x5
The 24-headed Lernaean hydra bites you.
* * * LOW HITPOINT WARNING * * *
The 24-headed Lernaean hydra completely misses you.
The 24-headed Lernaean hydra bites you but does no damage. x2
The 24-headed Lernaean hydra bites you!
You die...

♣ ♣≈≈≈≈.♣ ♣♣≈ ♣♣.≈# ##≈≈≈.≈
≈. ♣.≈≈≈.♣ ♣≈≈♣♣.######≈≈.≈.≈
≈≈. .≈≈≈≈♣ ♣..♣♣...##.#≈≈÷..#
...♣♣≈§≈♣♣♣......≈.÷.†≈.÷§≈D
♣♣..≈≈(≈♣♣..§.÷)..#≈≈.≈≈≈≈#
♣≈.≈≈.≈≈♣♣.≈≈♣≈.####≈≈≈≈≈≈#
♣♣♣....≈§S†≈♣♣.≈#####≈≈##
♣♣♣≈.....SD.†♣♣ ♣♣.≈♣ ####
♣≈.≈.≈≈≈...@S..♣ ♣♣
♣≈....≈≈.♣♣.≈#.♣♣
§.<§≈§≈..♣≈.(...♣♣♣♣♣ ♣♣♣
.≈≈≈≈≈≈..≈.≈...≈#♣≈.♣♣..♣♣♣♣
≈≈≈≈≈≈≈≈.♣♣.≈.≈≈.♣≈≈≈..≈♣≈≈♣♣
≈≈≈≈≈≈≈♣♣♣♣..≈.)..≈≈≈≈.♣♣≈...
≈≈≈♣♣.≈ ♣.≈≈....≈≈≈...♣.≈.≈
.≈. ♣.≈≈≈≈≈≈≈≈.≈♣♣♣...≈
♣.≈....≈≈≈≈≈≈♣≈.....


You could see the 24-headed Lernaean hydra and 3 friendly adders.

Vanquished Creatures
  An orc warlord (Orc:2)
  Erolcha (Orc:2)
  A ghost crab (Swamp:4)
  15 hydras
  2 two-headed ogres (D:8)
  5 alligators
  5 orc high priests (Orc:2)
  2 spriggans
  A salamander mystic (Volcano)
  A hell knight (Volcano)
  8 swamp dragons
  5 orc knights (Orc:2)
  An ugly thing (D:11)
  5 salamanders (Volcano)
  An orc sorcerer (Orc:2)
  A molten gargoyle (Volcano)
  Psyche (D:9)
  4 spiny frogs
  A rime drake (Lair:2)
  3 komodo dragons
  2 tyrant leeches (Swamp:4)
  4 trolls
  4 hornets
  4 blink frogs (Swamp:4)
  A hippogriff (D:9)
  A bog body (Swamp:2)
  11 yaks
  The ghost of Vesto the Skirmisher, an amateur MiFi (D:5)
  4 wyverns
  7 fire bats
  4 hogs (D:10)
  A human (D:10)
  3 steam dragons
  3 hungry ghosts
  3 swamp worms
  7 insubstantial wisps
  3 wargs
  Edmund (D:4)
  2 hell hounds (Lair:2)
  A water moccasin (D:9)
  An ice beast (D:5)
  2 porcupines
  10 swamp drakes
  A phantom (D:7)
  A sky beast (D:5)
  Purgy (Sewer)
  39 orc warriors
  An eye of draining (D:9)
  A necrophage (D:12)
  7 ogres
  A centaur (D:9)
  2 crocodiles (Lair:2)
  6 bullfrogs
  A scorpion (D:10)
  5 killer bees (D:10)
  2 wights (D:9)
  A crimson imp (D:12)
  A centaur zombie (D:10)
  A jelly (D:10)
  6 lava snakes (Volcano)
  8 hounds
  31 orc priests
  16 orc wizards
  A gnoll shaman (D:4)
  A centaur skeleton (D:12)
  3 worker ants
  A killer bee zombie (D:5)
  A hound zombie (D:5)
  11 gnolls
  6 adders
  2 adder skeletons (D:7)
  A worm (D:5)
  7 leopard geckos
  68 orcs
  5 giant cockroaches
  3 hobgoblins
  7 jackals
  2 quokkas
  3 ball pythons (Sewer)
  2 bats
  2 frilled lizards
  3 goblins (D:1)
  7 kobolds
  A quokka zombie (D:9)
  4 rats
417 creatures vanquished.

Vanquished Creatures (collateral kills)
  A bullfrog (D:10)
  A bullfrog zombie (D:8)
  An orc wizard (Orc:1)
  8 orcs
11 creatures vanquished.

Vanquished Creatures (others)
  An orc (D:7)
  2 fungi (Lair:2)
  A plant (D:10)
  5 spectral weapons
9 creatures vanquished.

Grand Total: 437 creatures vanquished

Notes
Turn   | Place    | Note
-------+----------+-------------------------------------------
     0 | D:1      | tidbits the Gnoll Transmuter began the quest for the Orb.
     0 | D:1      | Reached XP level 1. HP: 17/17 MP: 6/6
     2 | D:1      | Noticed an octopode
     3 | D:1      | Noticed a vine stalker
     5 | D:1      | Noticed a tengu
     7 | D:1      | Noticed a felid
     9 | D:1      | Noticed a gargoyle
    11 | D:1      | Noticed a centaur
    11 | D:1      | Noticed an elf
    13 | D:1      | Noticed a draconian
    13 | D:1      | Noticed a troll
    15 | D:1      | Noticed a vampire
    15 | D:1      | Noticed a ghoul
    18 | D:1      | Noticed a halfling
    21 | D:1      | Noticed a human
    21 | D:1      | Noticed an ogre
    23 | D:1      | Noticed a formicid
    23 | D:1      | Noticed a demigod
    25 | D:1      | Noticed a demonspawn
    25 | D:1      | Noticed a dwarf
    27 | D:1      | Noticed a naga
    27 | D:1      | Noticed a spriggan
    29 | D:1      | Noticed a merfolk
    29 | D:1      | Noticed a minotaur
    92 | D:1      | Reached XP level 2. HP: 19/23 MP: 5/7
    96 | D:1      | Learned a level 2 spell: Sticks to Snakes
   149 | D:1      | Found a shattered altar of Ashenzari.
   402 | D:3      | Reached XP level 3. HP: 24/28 MP: 7/9
   408 | D:3      | Learned a level 3 spell: Spider Form
   466 | D:4      | Found a staircase to the Ecumenical Temple.
   480 | D:4      | Reached skill level 5 in Spellcasting
   480 | D:4      | Reached skill level 1 in Invocations
   482 | D:4      | Reached skill level 1 in Short Blades
   482 | D:4      | Reached skill level 1 in Long Blades
   482 | D:4      | Reached skill level 1 in Axes
   482 | D:4      | Reached skill level 1 in Maces & Flails
   482 | D:4      | Reached skill level 1 in Polearms
   482 | D:4      | Reached skill level 1 in Staves
   482 | D:4      | Reached skill level 1 in Slings
   482 | D:4      | Reached skill level 1 in Bows
   482 | D:4      | Reached skill level 1 in Crossbows
   482 | D:4      | Reached skill level 1 in Throwing
   482 | D:4      | Reached skill level 1 in Armour
   482 | D:4      | Reached skill level 1 in Stealth
   482 | D:4      | Reached skill level 1 in Shields
   482 | D:4      | Reached skill level 1 in Evocations
   482 | D:4      | Reached XP level 4. HP: 34/34 MP: 1/11
   501 | D:4      | Reached skill level 1 in Conjurations
   501 | D:4      | Reached skill level 1 in Hexes
   501 | D:4      | Reached skill level 1 in Charms
   501 | D:4      | Reached skill level 1 in Summonings
   501 | D:4      | Reached skill level 1 in Necromancy
   501 | D:4      | Reached skill level 1 in Translocations
   501 | D:4      | Reached skill level 1 in Fire Magic
   501 | D:4      | Reached skill level 1 in Ice Magic
   501 | D:4      | Reached skill level 1 in Air Magic
   501 | D:4      | Reached skill level 1 in Earth Magic
   501 | D:4      | Reached skill level 1 in Poison Magic
   509 | Temple   | Entered the Ecumenical Temple
   541 | Temple   | Became a worshipper of Cheibriados the Contemplative
   578 | D:4      | Reached XP level 5. HP: 36/40 MP: 8/12
   634 | D:4      | Reached skill level 3 in Fighting
   640 | D:4      | Reached skill level 4 in Transmutations
   814 | D:4      | Noticed Edmund
   826 | D:4      | Killed Edmund
   826 | D:4      | Reached skill level 2 in Invocations
   826 | D:4      | Reached XP level 6. HP: 25/47 MP: 3/14
   870 | D:4      | Reached skill level 5 in Dodging
   872 | D:4      | Found a glowing drain.
   887 | Sewer    | Entered a sewer
   909 | Sewer    | Reached * piety under Cheibriados
   930 | Sewer    | Reached skill level 2 in Short Blades
   930 | Sewer    | Reached skill level 2 in Long Blades
   930 | Sewer    | Reached skill level 2 in Axes
   930 | Sewer    | Reached skill level 2 in Maces & Flails
   930 | Sewer    | Reached skill level 2 in Polearms
   930 | Sewer    | Reached skill level 2 in Staves
   930 | Sewer    | Reached skill level 2 in Slings
   930 | Sewer    | Reached skill level 2 in Bows
   930 | Sewer    | Reached skill level 2 in Crossbows
   930 | Sewer    | Reached skill level 2 in Throwing
   930 | Sewer    | Reached skill level 2 in Armour
   930 | Sewer    | Reached skill level 2 in Stealth
   930 | Sewer    | Reached skill level 2 in Shields
   930 | Sewer    | Reached skill level 2 in Evocations
   937 | Sewer    | Noticed Purgy
   954 | Sewer    | Killed Purgy
   997 | D:5      | Entered Level 5 of the Dungeon
   997 | D:5      | Found a shimmering altar of Xom.
   997 | D:5      | Noticed a sky beast
  1006 | D:5      | Killed a sky beast
  1006 | D:5      | Reached XP level 7. HP: 46/52 MP: 10/15
  1032 | D:5      | Reached skill level 7 in Unarmed Combat
  1040 | D:5      | Noticed Vesto's ghost (amateur MiFi)
  1056 | D:5      | Killed Vesto's ghost
  1056 | D:5      | Reached skill level 2 in Conjurations
  1056 | D:5      | Reached skill level 2 in Hexes
  1056 | D:5      | Reached skill level 2 in Charms
  1056 | D:5      | Reached skill level 2 in Summonings
  1056 | D:5      | Reached skill level 2 in Necromancy
  1056 | D:5      | Reached skill level 2 in Translocations
  1056 | D:5      | Reached skill level 2 in Fire Magic
  1056 | D:5      | Reached skill level 2 in Ice Magic
  1056 | D:5      | Reached skill level 2 in Air Magic
  1056 | D:5      | Reached skill level 2 in Earth Magic
  1056 | D:5      | Reached skill level 2 in Poison Magic
  1107 | D:5      | Reached skill level 3 in Invocations
  1198 | D:5      | Got a shimmering leather armour
  1209 | D:5      | Identified the +2 leather armour of Pragmatism {+Blink rC++} (You found it on level 5 of the Dungeon)
  1257 | D:7      | Reached XP level 8. HP: 60/60 MP: 16/16
  1368 | D:7      | Reached skill level 4 in Fighting
  1368 | D:7      | Reached skill level 3 in Short Blades
  1368 | D:7      | Reached skill level 3 in Long Blades
  1368 | D:7      | Reached skill level 3 in Axes
  1368 | D:7      | Reached skill level 3 in Maces & Flails
  1368 | D:7      | Reached skill level 3 in Polearms
  1368 | D:7      | Reached skill level 3 in Staves
  1368 | D:7      | Reached skill level 3 in Slings
  1368 | D:7      | Reached skill level 3 in Bows
  1368 | D:7      | Reached skill level 3 in Crossbows
  1368 | D:7      | Reached skill level 3 in Throwing
  1368 | D:7      | Reached skill level 3 in Armour
  1368 | D:7      | Reached skill level 3 in Stealth
  1368 | D:7      | Reached skill level 3 in Shields
  1368 | D:7      | Reached skill level 3 in Evocations
  1368 | D:7      | Reached skill level 6 in Spellcasting
  1599 | D:7      | Reached ** piety under Cheibriados
  1688 | D:8      | Reached skill level 3 in Conjurations
  1688 | D:8      | Reached skill level 3 in Hexes
  1688 | D:8      | Reached skill level 3 in Charms
  1688 | D:8      | Reached skill level 3 in Summonings
  1688 | D:8      | Reached skill level 3 in Necromancy
  1688 | D:8      | Reached skill level 3 in Translocations
  1688 | D:8      | Reached skill level 3 in Fire Magic
  1688 | D:8      | Reached skill level 3 in Ice Magic
  1688 | D:8      | Reached skill level 3 in Air Magic
  1688 | D:8      | Reached skill level 3 in Earth Magic
  1688 | D:8      | Reached skill level 3 in Poison Magic
  1688 | D:8      | Reached skill level 4 in Invocations
  1701 | D:8      | Noticed a two-headed ogre
  1715 | D:8      | Killed a two-headed ogre
  1715 | D:8      | Reached skill level 4 in Short Blades
  1715 | D:8      | Reached skill level 4 in Long Blades
  1715 | D:8      | Reached skill level 4 in Axes
  1715 | D:8      | Reached skill level 4 in Maces & Flails
  1715 | D:8      | Reached skill level 4 in Polearms
  1715 | D:8      | Reached skill level 4 in Staves
  1715 | D:8      | Reached skill level 4 in Slings
  1715 | D:8      | Reached skill level 4 in Bows
  1715 | D:8      | Reached skill level 4 in Crossbows
  1715 | D:8      | Reached skill level 4 in Throwing
  1715 | D:8      | Reached skill level 4 in Armour
  1715 | D:8      | Reached skill level 6 in Dodging
  1715 | D:8      | Reached skill level 4 in Stealth
  1715 | D:8      | Reached skill level 4 in Shields
  1715 | D:8      | Reached skill level 5 in Transmutations
  1715 | D:8      | Reached skill level 4 in Evocations
  1715 | D:8      | Reached XP level 9. HP: 29/67 MP: 18/18
  1755 | D:8      | Noticed a two-headed ogre
  1760 | D:8      | HP: 4/67 [two-headed ogre/giant club (14)]
  1761 | D:8      | Killed a two-headed ogre
  1761 | D:8      | Reached skill level 5 in Fighting
  1761 | D:8      | Reached skill level 8 in Unarmed Combat
  1781 | D:8      | Learned a level 5 spell: Blade Hands
  1827 | D:9      | Noticed Psyche
  1829 | D:9      | Killed Psyche
  1829 | D:9      | Reached skill level 5 in Invocations
  1940 | D:9      | Reached XP level 10. HP: 41/74 MP: 20/20
  1951 | D:9      | Reached *** piety under Cheibriados
  1952 | D:9      | Reached skill level 7 in Spellcasting
  1953 | D:9      | Reached skill level 4 in Conjurations
  1953 | D:9      | Reached skill level 4 in Hexes
  1953 | D:9      | Reached skill level 4 in Charms
  1953 | D:9      | Reached skill level 4 in Summonings
  1953 | D:9      | Reached skill level 4 in Necromancy
  1953 | D:9      | Reached skill level 4 in Translocations
  1953 | D:9      | Reached skill level 4 in Fire Magic
  1953 | D:9      | Reached skill level 4 in Ice Magic
  1953 | D:9      | Reached skill level 4 in Air Magic
  1953 | D:9      | Reached skill level 4 in Earth Magic
  1953 | D:9      | Reached skill level 4 in Poison Magic
  2002 | D:10     | Entered Level 10 of the Dungeon
  2010 | D:10     | Reached skill level 5 in Short Blades
  2010 | D:10     | Reached skill level 5 in Long Blades
  2010 | D:10     | Reached skill level 5 in Axes
  2010 | D:10     | Reached skill level 5 in Maces & Flails
  2010 | D:10     | Reached skill level 5 in Polearms
  2010 | D:10     | Reached skill level 5 in Staves
  2010 | D:10     | Reached skill level 5 in Slings
  2010 | D:10     | Reached skill level 5 in Bows
  2010 | D:10     | Reached skill level 5 in Crossbows
  2010 | D:10     | Reached skill level 5 in Throwing
  2010 | D:10     | Reached skill level 5 in Armour
  2010 | D:10     | Reached skill level 5 in Stealth
  2010 | D:10     | Reached skill level 5 in Shields
  2010 | D:10     | Reached skill level 5 in Evocations
  2078 | D:10     | Paralysed by a hornet for 1 turns
  2128 | D:10     | Reached **** piety under Cheibriados
  2128 | D:10     | Reached skill level 7 in Dodging
  2262 | D:11     | Noticed a brown ugly thing
  2267 | D:11     | Killed a brown ugly thing
  2267 | D:11     | Reached skill level 6 in Fighting
  2296 | D:12     | Reached skill level 6 in Transmutations
  2296 | D:12     | Reached skill level 6 in Invocations
  2311 | D:12     | Reached ***** piety under Cheibriados
  2311 | D:12     | Reached XP level 11. HP: 82/82 MP: 22/22
  2393 | D:12     | Noticed a five-headed hydra
  2402 | D:12     | Killed a five-headed hydra
  2450 | D:12     | Reached skill level 9 in Unarmed Combat
  2490 | D:12     | Found a staircase to the Orcish Mines.
  2498 | Orc:1    | Entered Level 1 of the Orcish Mines
  2512 | Orc:1    | Reached skill level 6 in Short Blades
  2512 | Orc:1    | Reached skill level 6 in Long Blades
  2512 | Orc:1    | Reached skill level 6 in Axes
  2512 | Orc:1    | Reached skill level 6 in Maces & Flails
  2512 | Orc:1    | Reached skill level 6 in Polearms
  2512 | Orc:1    | Reached skill level 6 in Staves
  2512 | Orc:1    | Reached skill level 6 in Slings
  2512 | Orc:1    | Reached skill level 6 in Bows
  2512 | Orc:1    | Reached skill level 6 in Crossbows
  2512 | Orc:1    | Reached skill level 6 in Throwing
  2512 | Orc:1    | Reached skill level 6 in Armour
  2512 | Orc:1    | Reached skill level 6 in Stealth
  2512 | Orc:1    | Reached skill level 6 in Shields
  2512 | Orc:1    | Reached skill level 6 in Evocations
  2589 | Orc:1    | Reached skill level 5 in Conjurations
  2589 | Orc:1    | Reached skill level 5 in Hexes
  2589 | Orc:1    | Reached skill level 5 in Charms
  2589 | Orc:1    | Reached skill level 5 in Summonings
  2589 | Orc:1    | Reached skill level 5 in Necromancy
  2589 | Orc:1    | Reached skill level 5 in Translocations
  2589 | Orc:1    | Reached skill level 5 in Fire Magic
  2589 | Orc:1    | Reached skill level 5 in Ice Magic
  2589 | Orc:1    | Reached skill level 5 in Air Magic
  2589 | Orc:1    | Reached skill level 5 in Earth Magic
  2589 | Orc:1    | Reached skill level 5 in Poison Magic
  2629 | Orc:1    | Found Dupsaus's Antique Armour Shoppe.
  2732 | Orc:2    | Entered Level 2 of the Orcish Mines
  2742 | Orc:1    | Reached skill level 8 in Spellcasting
  2844 | Orc:2    | Noticed Erolcha
  2852 | Orc:2    | Killed Erolcha
  2921 | Orc:2    | Noticed an orc sorcerer
  2930 | Orc:2    | Killed an orc sorcerer
  2945 | Orc:2    | Reached skill level 7 in Invocations
  2950 | Orc:2    | Reached ****** piety under Cheibriados
  2962 | Orc:2    | Noticed an orc warlord
  2977 | Orc:2    | Reached skill level 7 in Fighting
  2977 | Orc:2    | Reached skill level 8 in Dodging
  2998 | Orc:2    | Killed an orc warlord
  3160 | Orc:2    | Reached XP level 12. HP: 91/91 MP: 24/24
  3267 | Orc:2    | Found a staircase to the Elven Halls.
  3328 | Orc:2    | Noticed an orc high priest
  3330 | Orc:2    | Reached skill level 7 in Transmutations
  3334 | Orc:2    | Killed an orc high priest
  3334 | Orc:2    | Reached skill level 7 in Short Blades
  3334 | Orc:2    | Reached skill level 7 in Long Blades
  3334 | Orc:2    | Reached skill level 7 in Axes
  3334 | Orc:2    | Reached skill level 7 in Maces & Flails
  3334 | Orc:2    | Reached skill level 7 in Polearms
  3334 | Orc:2    | Reached skill level 7 in Staves
  3334 | Orc:2    | Reached skill level 7 in Slings
  3334 | Orc:2    | Reached skill level 7 in Bows
  3334 | Orc:2    | Reached skill level 7 in Crossbows
  3334 | Orc:2    | Reached skill level 7 in Throwing
  3334 | Orc:2    | Reached skill level 7 in Armour
  3334 | Orc:2    | Reached skill level 7 in Stealth
  3334 | Orc:2    | Reached skill level 7 in Shields
  3334 | Orc:2    | Reached skill level 7 in Evocations
  3377 | Orc:2    | Noticed an orc high priest
  3380 | Orc:2    | Noticed an orc high priest
  3387 | Orc:2    | Noticed a soul eater
  3390 | Orc:2    | Killed an orc high priest
  3394 | Orc:2    | Noticed an orc high priest
  3396 | Orc:2    | Killed an orc high priest
  3396 | Orc:2    | Reached skill level 6 in Conjurations
  3396 | Orc:2    | Reached skill level 6 in Hexes
  3396 | Orc:2    | Reached skill level 6 in Charms
  3396 | Orc:2    | Reached skill level 6 in Summonings
  3396 | Orc:2    | Reached skill level 6 in Necromancy
  3396 | Orc:2    | Reached skill level 6 in Translocations
  3396 | Orc:2    | Reached skill level 6 in Fire Magic
  3396 | Orc:2    | Reached skill level 6 in Ice Magic
  3396 | Orc:2    | Reached skill level 6 in Air Magic
  3396 | Orc:2    | Reached skill level 6 in Earth Magic
  3396 | Orc:2    | Reached skill level 6 in Poison Magic
  3396 | Orc:2    | Reached skill level 8 in Invocations
  3403 | Orc:2    | Reached skill level 9 in Spellcasting
  3404 | Orc:2    | HP: 9/92 [orc warrior/tomahawk (10)]
  3405 | Orc:2    | Noticed a soul eater
  3411 | Orc:2    | Killed an orc high priest
  3448 | Orc:2    | Noticed an orc high priest
  3454 | Orc:2    | Killed an orc high priest
  3454 | Orc:2    | Reached skill level 8 in Fighting
  3454 | Orc:2    | Reached skill level 10 in Unarmed Combat
  3500 | Orc:2    | Found Acoc's Antique Armour Shop.
  3500 | Orc:2    | Found Woqetih's Antique Weapon Shop.
  3501 | Orc:2    | Found Vyckynk Kaor's Book Shop.
  3501 | Orc:2    | Found Duvafyos's Magic Scroll Boutique.
  3512 | Orc:2    | Bought a bloodstained broad axe for 333 gold pieces
  3512 | Orc:2    | Identified the +1 broad axe of Fury {chop, +Fly rPois Int+4} (You bought it in a shop on level 2 of the Orcish Mines)
  3514 | Orc:2    | Bought a scroll of identify for 36 gold pieces
  3514 | Orc:2    | Bought a scroll of identify for 36 gold pieces
  3514 | Orc:2    | Bought a scroll of teleportation for 54 gold pieces
  3516 | Orc:2    | Bought the Volume of Boosts for 698 gold pieces
  3520 | Orc:2    | Learned a level 3 spell: Regeneration
  3523 | Orc:2    | Learned a level 2 spell: Song of Slaying
  3527 | Orc:2    | Learned a level 3 spell: Spectral Weapon
  3796 | D:10     | Learned a level 2 spell: Passwall
  3798 | D:10     | Learned a level 1 spell: Sandblast
  3943 | D:9      | Found a glowing golden altar of the Shining One.
  3974 | D:11     | Reached skill level 9 in Dodging
  4096 | D:10     | Found a staircase to the Lair.
  4112 | Lair:1   | Entered Level 1 of the Lair of Beasts
  4151 | Lair:1   | Got a heavily runed pewter amulet
  4186 | Lair:1   | Identified the amulet of Dupe {Faith *Slow Str+2 Slay+3} (You found it on level 1 of the Lair of Beasts)
  4221 | Lair:1   | Reached XP level 13. HP: 60/98 MP: 26/26
  4348 | Lair:3   | Found a staircase to the Swamp.
  4554 | Lair:2   | Reached skill level 8 in Short Blades
  4554 | Lair:2   | Reached skill level 8 in Long Blades
  4554 | Lair:2   | Reached skill level 8 in Axes
  4554 | Lair:2   | Reached skill level 8 in Maces & Flails
  4554 | Lair:2   | Reached skill level 8 in Polearms
  4554 | Lair:2   | Reached skill level 8 in Staves
  4554 | Lair:2   | Reached skill level 8 in Slings
  4554 | Lair:2   | Reached skill level 8 in Bows
  4554 | Lair:2   | Reached skill level 8 in Crossbows
  4554 | Lair:2   | Reached skill level 8 in Throwing
  4554 | Lair:2   | Reached skill level 8 in Armour
  4554 | Lair:2   | Reached skill level 8 in Stealth
  4554 | Lair:2   | Reached skill level 8 in Shields
  4554 | Lair:2   | Reached skill level 8 in Evocations
  4567 | Lair:2   | Found a dark tunnel.
  4573 | Volcano  | Entered a volcano
  4690 | Volcano  | Learned a level 5 spell: Lee's Rapid Deconstruction
  4693 | Volcano  | Found a radiant altar of Vehumet.
  4701 | Volcano  | HP: 9/99 [salamander mystic/orb of energy (5)]
  4702 | Volcano  | Reached skill level 9 in Invocations
  4898 | Swamp:1  | Entered Level 1 of the Swamp
  4915 | Swamp:1  | Reached skill level 8 in Transmutations
  4988 | Swamp:2  | Reached skill level 7 in Conjurations
  4988 | Swamp:2  | Reached skill level 7 in Hexes
  4988 | Swamp:2  | Reached skill level 7 in Charms
  4988 | Swamp:2  | Reached skill level 7 in Summonings
  4988 | Swamp:2  | Reached skill level 7 in Necromancy
  4988 | Swamp:2  | Reached skill level 7 in Translocations
  4988 | Swamp:2  | Reached skill level 7 in Fire Magic
  4988 | Swamp:2  | Reached skill level 7 in Ice Magic
  4988 | Swamp:2  | Reached skill level 7 in Air Magic
  4988 | Swamp:2  | Reached skill level 7 in Earth Magic
  4988 | Swamp:2  | Reached skill level 7 in Poison Magic
  5117 | Swamp:3  | Gained mutation: Your natural rate of healing is unusually fast. [potion of mutation]
  5117 | Swamp:3  | Gained mutation: You have sharp fingernails. [potion of mutation]
  5117 | Swamp:3  | Gained mutation: Your mind is acute. (Int +2) [potion of mutation]
  5117 | Swamp:3  | Gained mutation: You are partially covered in thin metallic scales. (AC +2) [potion of mutation]
  5134 | Swamp:4  | Entered Level 4 of the Swamp
  5146 | Swamp:4  | Reached skill level 9 in Fighting
  5174 | Swamp:4  | Reached skill level 10 in Spellcasting
  5193 | Swamp:3  | Noticed a thorn hunter
  5252 | Swamp:4  | Reached XP level 14. HP: 108/108 MP: 28/28
  5425 | Swamp:4  | Reached skill level 10 in Dodging
  5448 | Swamp:4  | Reached skill level 9 in Short Blades
  5448 | Swamp:4  | Reached skill level 9 in Long Blades
  5448 | Swamp:4  | Reached skill level 9 in Axes
  5448 | Swamp:4  | Reached skill level 9 in Maces & Flails
  5448 | Swamp:4  | Reached skill level 9 in Polearms
  5448 | Swamp:4  | Reached skill level 9 in Staves
  5448 | Swamp:4  | Reached skill level 9 in Slings
  5448 | Swamp:4  | Reached skill level 9 in Bows
  5448 | Swamp:4  | Reached skill level 9 in Crossbows
  5448 | Swamp:4  | Reached skill level 9 in Throwing
  5448 | Swamp:4  | Reached skill level 9 in Armour
  5448 | Swamp:4  | Reached skill level 9 in Stealth
  5448 | Swamp:4  | Reached skill level 9 in Shields
  5448 | Swamp:4  | Reached skill level 11 in Unarmed Combat
  5448 | Swamp:4  | Reached skill level 9 in Evocations
  5451 | Swamp:4  | Noticed the 27-headed Lernaean hydra
  5574 | Swamp:4  | Reached skill level 10 in Invocations
  5640 | Swamp:4  | HP: 8/108 [the 24-headed Lernaean hydra (5)]
  5640 | Swamp:4  | Slain by the 24-headed Lernaean hydra

Skill      XL: |  1  2  3  4  5  6  7  8  9 10 11 12 13 14 |
---------------+-------------------------------------------+-----
Spellcasting   | 5 6 7 8 9 10 | 10.4
Invocations    | 1 2 3 4 5 6 7 8 9 10 | 10.0
Short Blades   | 1 2 4 5 6 7 8 9 |  9.2
Long Blades    | 1 2 4 5 6 7 8 9 |  9.2
Axes           | 1 2 4 5 6 7 8 9 |  9.2
Maces & Flails | 1 2 4 5 6 7 8 9 |  9.2
Polearms       | 1 2 4 5 6 7 8 9 |  9.2
Staves         | 1 2 4 5 6 7 8 9 |  9.2
Slings         | 1 2 4 5 6 7 8 9 |  9.2
Bows           | 1 2 4 5 6 7 8 9 |  9.2
Crossbows      | 1 2 4 5 6 7 8 9 |  9.2
Throwing       | 1 2 4 5 6 7 8 9 |  9.2
Armour         | 1 2 4 5 6 7 8 9 |  9.2
Stealth        | 1 2 4 5 6 7 8 9 |  9.2
Shields        | 1 2 4 5 6 7 8 9 |  9.2
Evocations     | 1 2 4 5 6 7 8 9 |  9.2
Conjurations   | 1 2 3 4 5 6 7 |  7.7
Hexes          | 1 2 3 4 5 6 7 |  7.7
Charms         | 1 2 3 4 5 6 7 |  7.7
Summonings     | 1 2 3 4 5 6 7 |  7.7
Necromancy     | 1 2 3 4 5 6 7 |  7.7
Translocations | 1 2 3 4 5 6 7 |  7.7
Fire Magic     | 1 2 3 4 5 6 7 |  7.7
Ice Magic      | 1 2 3 4 5 6 7 |  7.7
Air Magic      | 1 2 3 4 5 6 7 |  7.7
Earth Magic    | 1 2 3 4 5 6 7 |  7.7
Poison Magic   | 1 2 3 4 5 6 7 |  7.7
Fighting       | 3 4 5 6 7 8 9 |  9.6
Transmutations | 4 5 6 7 8 |  8.7
Dodging        | 5 6 7 8 9 10 | 10.2
Unarmed Combat | 7 8 9 10 11 | 11.1

Action                   |  1- 3 |  4- 6 |  7- 9 | 10-12 | 13-15 || total
-------------------------+-------+-------+-------+-------+-------++-------
Melee: Unarmed           |    42 |    60 |   108 |   277 |    27 ||   514
       Headbutt          |    11 |       |     3 |     6 |       ||    20
       Bite              |     3 |     1 |     3 |    52 |    49 ||   108
       Punch             |     1 |       |       |    14 |    20 ||    35
       Kick              |     1 |       |       |       |       ||     1
       Dagger            |       |       |     5 |     6 |       ||    11
       Broad axe         |       |       |       |    56 |   160 ||   216
       Dire flail        |       |       |       |       |    13 ||    13
Throw: Tomahawk          |       |       |     4 |    70 |    42 ||   116
 Cast: Beastly Appendage |    14 |       |     3 |     2 |       ||    19
       Spider Form       |     1 |    10 |    14 |     4 |       ||    29
       Sticks to Snakes  |       |     3 |     4 |    17 |     2 ||    26
       Blade Hands       |       |       |       |    30 |     3 ||    33
       Spectral Weapon   |       |       |       |    12 |    36 ||    48
       Sandblast         |       |       |       |     2 |     2 ||     4
       Song of Slaying   |       |       |       |     2 |     1 ||     3
       Regeneration      |       |       |       |     1 |    20 ||    21
       Passwall          |       |       |       |       |     1 ||     1
Invok: Bend Time         |       |       |       |     2 |     1 ||     3
       Slouch            |       |       |       |     9 |     4 ||    13
 Abil: End Transformatio |       |     3 |     2 |    10 |       ||    15
       Evoke Flight      |       |       |       |       |    11 ||    11
       Stop Flying       |       |       |       |       |     1 ||     1
Evoke: Wand              |       |     4 |    12 |     6 |     1 ||    23
  Use: Scroll            |       |     2 |     3 |     9 |    12 ||    26
       Potion            |       |     1 |     7 |     2 |     2 ||    12
 Stab: Sleeping          |       |       |     3 |     5 |     4 ||    12
       Distracted        |       |       |     1 |     2 |     8 ||    11
  Eat: Chunk             |       |     1 |     2 |    13 |     4 ||    20
       Ration            |       |       |       |       |     1 ||     1
Armor: Robe              |     3 |     1 |       |       |       ||     4
       Skin              |       |     2 |    18 |       |       ||    20
       Leather armour    |       |       |     5 |       |       ||     5
       Troll leather arm |       |       |       |    60 |   101 ||   161
       Swamp dragon scal |       |       |       |       |    30 ||    30
Dodge: Dodged            |    22 |    36 |    88 |   328 |   315 ||   789

Table legend:
 A = Turns spent in this place as a percentage of turns spent in the entire game.
 B = Non-inter-level travel turns spent in this place as a percentage of non-inter-level travel turns spent in the entire game.
 C = Inter-level travel turns spent in this place as a percentage of turns spent in this place.
 D = Turns resting spent in this place as a percentage of non-inter-level travel turns spent in this place.
 E = Turns spent auto-exploring this place as a percentage of non-inter-level travel turns spent in this place.
 F = Non-inter-level travel turns spent in this place divided by the number of levels of this place that you've seen.
                   A       B       C       D       E      F
               +-------+-------+-------+-------+-------+----------------------
         Total | 100.0 | 100.0 |   1.6 |   0.0 |   0.0 | 231.3
       Dungeon |  50.2 |  51.1 |   0.0 |   0.0 |   0.0 | 236.2
        Temple |   1.2 |   0.6 |  47.7 |   0.0 |   0.0 |  34.0
          Lair |   9.6 |   9.7 |   0.0 |   0.0 |   0.0 | 179.7
         Swamp |  13.2 |  13.4 |   0.0 |   0.0 |   0.0 | 185.5
  Orcish Mines |  19.9 |  19.2 |   5.2 |   0.0 |   0.0 | 533.0
         Sewer |   1.6 |   1.6 |   0.0 |   0.0 |   0.0 |  89.0
       Volcano |   4.4 |   4.4 |   0.0 |   0.0 |   0.0 | 247.0
               +-------+-------+-------+-------+-------+----------------------

Table legend:
 A = Kills in this place as a percentage of kills in entire the game.
 B = Kills by you in this place as a percentage of kills by you in the entire game.
 C = Kills by friends in this place as a percentage of kills by friends in the entire game.
 D = Other kills in this place as a percentage of other kills in the entire game.
 E = Experience gained in this place as a percentage of experience gained in the entire game.
 F = Experience gained in this place divided by the number of levels of this place that you have seen.
                   A       B       C       D       E      F
               +-------+-------+-------+-------+-------+----------------------
         Total | 100.0 | 100.0 | 100.0 | 100.0 | 100.0 | 3095.3
       Dungeon |  40.7 |  41.3 |  27.3 |   0.0 |  18.1 | 1122.1
          Lair |   5.8 |   6.0 |   0.0 |   0.0 |   8.8 | 2174.3
         Swamp |  13.6 |  14.0 |   0.0 |   0.0 |  40.3 | 7490.5
  Orcish Mines |  33.9 |  32.4 |  72.7 | 100.0 |  24.4 | 9060.0
         Sewer |   1.4 |   1.4 |   0.0 |   0.0 |   0.2 | 148.0
       Volcano |   4.7 |   4.8 |   0.0 |   0.0 |   8.2 | 6069.0
               +-------+-------+-------+-------+-------+----------------------

Vault maps used:
D:1:      kb_arrival_jail, evilmike_ruin_ashenzari
D:2:      lemuel_coloured_pillars_altar, vehumet_crystals,
          serial_park_tiny_pond, uniq_terence, uniq_robin, uniq_sigmund
D:3:      fedhas_altar_4, first_ration
D:4:      overflow_temple_1_default, minmay_temple_entry_glass,
          portal_sewer_entry_f, uniq_edmund
D:5:      xom_teletrap_fun, lemuel_round_altar
D:6:      okawaru_altar_gauntlet_db, lemuel_doored_altar
D:7:      kennysheep_steamy, gammafunk_temple_overflow_arena,
          kennysheep_little_box, serial_glass, glass_columns_c, glass_columns_c,
          uniq_crazy_yiuf_cottage, uniq_menkaure
D:8:      lemuel_zombie_altar_yredelemnul, serial_shops, shop
D:9:      kiku_gazebo_pond_becter, nicolae_overflow_crystal_walls, uniq_psyche
D:10:     grunt_lair_entry_orc_guard_hut, grunt_livestock, grunt_decor_arrowhead
D:12:     orc_0_dummy
Temple:   kb_temple_of_zot
Lair:1:   st_stairs_12, beast_lair_carwin_11
Lair:2:   minmay_guarded_unrand_snakebite, enter_volcano_3
Lair:3:   minmay_swamp_entry_wisps
Swamp:1:  evilmike_swamp_ruin_house_6
Swamp:2:  evilmike_swamp_ruin_house_1
Swamp:3:  evilmike_swamp_ruin_house_4, infiniplex_staircase_pool_2
Swamp:4:  swamp_old_school
Orc:1:    serial_shops, shop
Orc:2:    st_orc_pillars, uniq_erolcha
Sewer:    sewer_co_purgy_island
Volcano:  volcano_grotto
